Zazza, neutral female human Tourist --------- --- --.......| --.-- --........-- --...----- |..........- |........| |........@.. --.-----.--- |......(.G.. --- |...| |...----... ----.-.---- --.G-- . |....)....--- |...| --..........| --..| ---........-- |-.-- |....--...| |.... |.----|..-- --... |.| ---- |... |.--- --... |...|-- |.... |-..|.--------------... |..........^..>)....... --.|..----------------- ------ Zazza the Sightseer Experience level: 5 Strength: 13 Dexterity: 10 Constitution: 17 Intelligence: 12 Wisdom: 6 Charisma: 18 Health: 0(39) Energy: 15(15) Def: 9 Gold: 2 Moves: 6571 Dungeon seed: 3iOQmGAfJg_-w4Us Game ID: Zazza_1598301296 Your Inventory: Coins $ - 2 gold pieces Amulets K - an uncursed amulet of ESP (being worn) Weapons a - 27 +2 darts W - a blessed +0 elven dagger (weapon in hand) Armor e - an uncursed +0 Hawaiian shirt (being worn) n - an uncursed +0 orcish helm (being worn) q - an uncursed +0 pair of iron shoes (being worn) I - a cursed +2 pair of leather gloves (being worn) O - a cursed +1 robe (being worn) Comestibles c - an uncursed slime mold C - an uncursed partly eaten gnome corpse D - 2 uncursed food rations F - an uncursed tripe ration Scrolls w - an uncursed scroll of magic mapping Spellbooks s - an uncursed spellbook of wizard lock Potions g - 2 uncursed potions of extra healing o - an uncursed potion of confusion Rings X - an uncursed ring of polymorph control (on left hand) Tools b - an uncursed mirror d - 10 uncursed tallow candles (0:200) k - an expensive camera (0:66) m - 5 uncursed partly used wax candles (lit) (0:274) x - an uncursed blindfold T - an uncursed skeleton key Gems r - 3 uncursed worthless pieces of yellow glass y - an uncursed worthless piece of orange glass Spells and supernatural/magical abilities: Name Level Category Fail Memory h - healing 1 healing 0% 91% w - wizard lock 2 matter 95% 99% M - magic mapping 5 divination 100% 83% T - turn undead 6 clerical 100% 76% W - pray for help -- divine ? -- Your skills at the end: Fighting Skills Weapon Skills dagger [Basic] dart [Basic] Spellcasting Skills Final Attributes: You were piously aligned. You were telepathic. You had polymorph control. You were fast. You are dead. Vanquished creatures: a ghost 2 large mimics a gnome king a dingo an imp a shrieker 4 gnome lords 2 gnomish wizards 3 elf zombies 2 giant ants 2 floating eyes 5 dwarves 2 homunculi 2 kobold shamans 3 giant bats 4 orc zombies a werejackal an iguana 3 acid blobs 3 coyotes a gas spore 4 hobbits a large kobold 2 hobgoblins 3 giant rats 4 cave spiders a brown mold a yellow mold 2 green molds 3 red molds 26 gnomes 2 garter snakes 2 gnome zombies 11 geckos 13 jackals 2 foxes a kobold 5 goblins 2 sewer rats 11 grid bugs 5 lichens a kobold zombie 6 newts 153 creatures vanquished. Voluntary challenges: You had been an atheist until turn 3093. You used a wielded weapon 72 times, starting on turn 2146. You read items or engraved 100 times, starting on turn 1088. You never genocided any monsters. You never polymorphed an object. You never changed form. You used no wishes. You never split a pudding. You wrote Elbereth's name 5 times, starting on turn 2932. You never violated your personal moral code. Dungeon overview: The Dungeons of Doom: levels 1 to 7 Level 1 an altar to Blind Io, some fountains a long staircase Level 2 a general store stairs to The Gnomish Mines Level 3 a jewelry store, some fountains, a sink Level 4 a general store Level 5 many fountains Level 6 an altar to The Lady stairs to Sokoban Level 7 The Gnomish Mines: levels 3 to 7 Level 3 stairs to The Dungeons of Doom Level 4 Level 5 many shops, a temple to Offler, some fountains Level 6 <- You were here Level 7 Sokoban: Level 5 stairs to The Dungeons of Doom History has recorded: On T:1 you entered the Dungeons of Doom to retrieve the Amulet of Yendor! On T:436 you reached level 2 of The Dungeons of Doom. On T:1616 you reached level 3 of The Dungeons of Doom. On T:2231 you reached level 4 of The Dungeons of Doom. On T:2724 you reached level 5 of The Dungeons of Doom. On T:3040 you reached level 6 of The Dungeons of Doom. On T:3319 you reached level 7 of The Dungeons of Doom. On T:4255 you advanced to experience level 2. On T:4446 you advanced to experience level 3. On T:4499 you advanced to experience level 4. On T:4660 you reached level 4 of Sokoban. On T:5038 you reached level 1 of The Gnomish Mines. On T:5414 you reached level 2 of The Gnomish Mines. On T:5886 you reached level 3 of The Gnomish Mines. On T:6298 you advanced to experience level 5. On T:6404 you reached level 5 of The Gnomish Mines. On T:6408 you reached level 4 of The Gnomish Mines. Score breakdown: Gold: 0 ( 0 points) Experience: 5 levels (11141 points) Exploration: 7 levels ( 14.29%) (10606 points) Discoveries: 20 items ( 6.71%) ( 7771 points) Valuables value: (no points given unless you survive) Artifact value: 0 ( 0 points) Variety of kills: 43 monsters ( 11.29%) (10078 points) Turncount: 6571 turns (-1758 points) Survival: died (score multiplied by 80%) Total score: 30270 Latest messages: You succeed in unlocking the chest. You trigger a trap! You are jolted by a surge of electricity! Your jade ring turns to dust and vanishes! You stop picking the lock. The gnome is hit! The gnome is killed! You are hit by a crossbow bolt. You carefully open the chest... You hit the gnome king. (2x) The gnome king swings his crossbow. The gnome king just misses! You miss the gnome king. You hit the gnome king. The gnome king swings his crossbow. The gnome king hits! You miss the gnome king. The gnome king swings his crossbow. The gnome king hits! You hit the gnome king. (2x) The gnome king swings his crossbow. The gnome king hits! You die... Final status: Aloha Zazza the Tourist, killed by a gnome king... You died in The Gnomish Mines on dungeon level 6 with 30270 points, and 2 pieces of gold, after 6571 moves. You were level 5 with a maximum of 39 hit points when you died.